 Dungeon Crawl Stone Soup version 0.18.1-50-g88ac8fd (webtiles) character file.

119 HuggableSnail the Ducker (level 4, -5/45 HPs)
             Began as a Troll Berserker on Oct 19, 2016.
             Was a Priest of Trog.
             Killed by divine providence
             ... invoked by an orc priest
              (10 damage)
             ... on level 2 of the Dungeon.
             The game lasted 00:13:26 (1945 turns).

HuggableSnail the Ducker (Troll Berserker)          Turns: 1945, Time: 00:13:27

Health: -5/45      AC:  5    Str: 25    XL:     4   Next: 74%
Magic:  3/3        EV: 10    Int:  3    God:    Trog [***...]
Gold:   100        SH:  0    Dex: 10    Spells: 0 memorised, 3 levels left

rFire  + . .     SeeInvis .     v - +4 dagger
rCold  x . .     Gourm    +     b - +0 animal skin
rNeg   + . .     Faith    +     (no shield)
rPois  .         Spirit   .     (helmet restricted)
rElec  .         Dismiss  .     (no cloak)
rCorr  .         Reflect  .     (gloves unavailable)
SustAt .         Harm     .     (boots unavailable)
MR     .....                    r - amulet of faith
Stlth  +.........               g - ring of fire
                                d - ring of positive energy

@: not resistant to hostile enchantments, very unstealthy
A: unfitting armour, claws 3, fast metabolism 3, gourmand, regeneration 2,
shaggy fur 1, tough skin 2
a: Berserk, Trog's Hand, Burn Spellbooks, Renounce Religion


You were on level 2 of the Dungeon.
You worshipped Trog.
Trog was most pleased with you.
You were very full.

You visited 1 branch of the dungeon, and saw 3 of its levels.

You collected 100 gold pieces.

Inventory:

Hand Weapons
 a - a +0 short sword
 e - a +0 mace
 v - a +4 dagger (weapon)
 A - a +0 spear
Missiles
 f - 68 stones (quivered)
 p - 30 arrows
 z - 15 sling bullets
Armour
 b - a +0 animal skin (worn)
Jewellery
 d - a ring of positive energy (left claw)
 g - a ring of fire (right claw)
 r - an amulet of faith (around neck)
Scrolls
 i - 2 scrolls of amnesia {unknown}
 m - 2 scrolls of identify {unknown}
 o - a scroll of fear {unknown}
 t - 3 scrolls of fog {unknown}
 y - a scroll of remove curse {unknown}
Potions
 h - a potion of heal wounds {unknown}
 j - a potion of brilliance {unknown}
 q - a potion of curing {unknown}
 s - a potion of agility {unknown}
 u - 3 potions of mutation {unknown}
 w - a potion of lignification {unknown}
Comestibles
 c - 3 bread rations
 k - 3 fruits
 l - a beef jerky
 n - a slice of pizza
 x - 11 chunks of flesh


   Skills:
 + Level 3.1 Fighting
 + Level 3.0 Short Blades
 + Level 3.5 Dodging
 + Level 0.2 Stealth


You had 3 spell levels left.
You didn't know any spells.

Dungeon Overview and Level Annotations

Branches:
Dungeon (3/15)

Altars:


Innate Abilities, Weirdness & Mutations

You are too large for most types of armour.
You have claws for hands.
Your metabolism is lightning-fast.
You like to eat raw meat.
You heal very quickly.
You are covered in fur (AC +1).
You have very tough skin (AC +2).


Message History

The orc priest barely misses you.
You hit the orc priest.
The orc priest is heavily wounded.
The orc priest hits you.
You hit the orc priest.
The orc priest is almost dead.
The orc priest mumbles some strange prayers to Beogh against you.
Beogh smites you!
* * * LOW HITPOINT WARNING * * *
The orc priest hits you.
* * * LOW HITPOINT WARNING * * *
The orc priest hits you with a war axe.
* * * LOW HITPOINT WARNING * * *
The orc priest hits you.
* * * LOW HITPOINT WARNING * * *
You climb upwards.
There is a stone staircase leading down here.
The orc priest invokes the aid of Beogh against you.
Beogh smites you!
You die...

#.##......##.#.........
#.#.......##.#.########
#.#.......##.#.#
#.........##.#.#
####......##.#.#
#....#.####.#.#
#.##.....)[...#####
#†##...####.......####
#.##.@.o..o>.........#
###.##..#####.......##..
#.......# #.......###.
#.......# #.......# #.
#.......# #.......# ##
######...# ###.......# #
#........# #.........# #
#.#####..###.........# #
#........##..........####


You could see 2 orc priests.

Vanquished Creatures
  An orc wizard (D:2)
  3 adders (D:2)
  A worm (D:2)
  A giant gecko (D:2)
  8 orcs
  3 giant cockroaches
  4 goblins (D:1)
  6 hobgoblins
  7 kobolds
  A quokka (D:2)
  7 bats
  2 giant newts
  9 rats
53 creatures vanquished.

Notes
Turn   | Place    | Note
--------------------------------------------------------------
     0 | D:1      | HuggableSnail the Troll Berserker began the quest for the Orb.
     0 | D:1      | Reached XP level 1. HP: 22/22 MP: 0/0
   308 | D:1      | Reached XP level 2. HP: 29/29 MP: 1/1
   992 | D:2      | Reached ** piety under Trog
  1019 | D:2      | Reached XP level 3. HP: 31/36 MP: 2/2
  1698 | D:3      | Reached XP level 4. HP: 25/45 MP: 3/3
  1895 | D:2      | Reached *** piety under Trog
  1938 | D:3      | HP: 1/45 [orc priest (4)]
  1945 | D:2      | Killed from afar by an orc priest

Skill      XL: |  1  2  3 |
---------------+----------+-----
Short Blades   | 3 |  3.0
Fighting       | 3 |  3.1
Dodging        | 3 |  3.5
Stealth        | |  0.2

Action                   |  1- 3 |  4- 6 || total
-------------------------+-------+-------++-------
Melee: Short sword       |    82 |       ||    82
       Dagger            |    58 |    44 ||   102
  Eat: Chunk             |    19 |     2 ||    21
Armor: Animal skin       |    57 |    17 ||    74
Dodge: Dodged            |    85 |    41 ||   126
